 Dungeon Crawl Stone Soup version 0.30-a0-738-g116ff8c4af (webtiles) character file.

Game seed: 14932564164918536060

2508 bande the Cleaver (level 9, -10/55 HPs)
             Began as a Gargoyle Fighter on Feb 4, 2023.
             Mangled by a kobold brigand
             ... wielding a +2 short sword of distortion
              (22 damage)
             ... on level 6 of the Dungeon.
             The game lasted 00:10:01 (6936 turns).

bande the Cleaver (Gargoyle Fighter)                Turns: 6936, Time: 00:10:02

Health: -10/55     AC: 23    Str: 20    XL:     9   Next: 53%
Magic:  9/9        EV: 11    Int:  9    God:
Gold:   375        SH:  5    Dex: 13    Spells: 8/8 levels left

rFire   + . .      SeeInvis .    a - +1 war axe
rCold   . . .      Faith    .    c - +0 buckler
rNeg    + . .      Spirit   .    p - +0 plate armour
rPois   ∞          Reflect  .    l - +0 helmet
rElec   +          Harm     .    q - +0 cloak
rCorr   .          Rampage  .    (no gloves)
Will    +....                    t - +0 pair of boots Stlth
                                 (no amulet)
HPRegen 0.29/turn                i - +5 ring of evasion
MPRegen 0.11/turn                o - ring of protection from fire

@: no status effects
A: sickness immunity, AC +6, negative energy resistance 1, electricity
resistance, torment resistance 1, petrification resistance, fangs 1,
strong-willed 1
a: no special abilities


You were on level 6 of the Dungeon.
You visited 1 branch of the dungeon, and saw 6 of its levels.

You collected 375 gold pieces.

Inventory:

Hand Weapons
 a - a +1 war axe (weapon)
 j - a +0 war axe
 n - a +4 morningstar
Armour
 c - a +0 buckler (worn)
 l - a +0 helmet (worn)
 p - a +0 plate armour (worn)
 q - a +0 cloak (worn)
 t - a +0 pair of boots (worn)
Jewellery
 i - a +5 ring of evasion (left hand)
 o - a ring of protection from fire (right hand)
 r - an amulet of faith
Wands
 v - a wand of roots (14)
Scrolls
 e - 4 scrolls of teleportation
 u - a scroll of identify
Potions
 b - 3 potions of brilliance
 d - a potion of berserk rage
 f - a potion of heal wounds
 g - a potion of mutation
 h - 2 potions of invisibility {unknown}
 k - a potion of lignification {unknown}
 m - a potion of curing
 s - a potion of might


   Skills:
 + Level 6.0 Fighting
 + Level 8.4 Axes
 + Level 6.8 Armour
 + Level 6.0 Shields
 * Level 2.0 Evocations


You had 8 spell levels left.
You didn't know any spells.
Your spell library contained the following spells:

 Spells                   Type           Power      Damage    Failure   Level
 Apportation              Tloc           0%         N/A       100%        1
 Necrotise                Necr           0%         1d4       100%        1
 Summon Small Mammal      Summ           0%         N/A       100%        1
 Ensorcelled Hibernation  Hex/Ice        0%         N/A       100%        2
 Passwall                 Tmut/Erth      0%         N/A       100%        2
 Poisonous Vapours        Pois/Air       0%         N/A       100%        2
 Mephitic Cloud           Conj/Pois/Air  0%         N/A       100%        3
 Swiftness                Air            0%         N/A       100%        3
 Cigotuvi's Dreadful Rot  Necr/Pois/Air  Unusable   N/A       N/A         2

Dungeon Overview and Level Annotations

Branches:
Dungeon (6/15)
 Temple: D:4-7

Altars:
Dithmenos
Hepliaklqana
Ru
Uskayaw
Vehumet


Innate Abilities, Weirdness & Mutations

You are immune to sickness and miasma.
Your stone body is resilient. (AC +6)
You are immune to poison.
You resist negative energy. (rN+)
You are resistant to electric shocks. (rElec)
You are resistant to unholy torment.
You are immune to petrification.
You have very sharp teeth.
You are strong-willed. (Will+)


Message History

You closely miss the kobold brigand.
The kobold brigand is moderately wounded.
The kobold brigand hits you with a +2 short sword of distortion.
You closely miss the kobold brigand.
The kobold brigand is moderately wounded.
The kobold brigand hits you with a +2 short sword of distortion!
Space warps around you.
You are too injured to fight recklessly!
You are too injured to fight recklessly!
You are too injured to fight recklessly!
You are too injured to fight recklessly!
You are too injured to fight recklessly!
You are too injured to fight recklessly!
You are too injured to fight recklessly!
You are too injured to fight recklessly!
You are too injured to fight recklessly!
You are too injured to fight recklessly!
You barely miss the kobold brigand.
The kobold brigand is moderately wounded.
The kobold brigand misses you.
You slash the kobold brigand!
The kobold brigand is heavily wounded.
You block the kobold brigand's attack.
You closely miss the kobold brigand.
The kobold brigand is heavily wounded.
The kobold brigand hits you but does no damage.
You barely miss the kobold brigand.
You bite the kobold brigand, but do no damage.
The kobold brigand is heavily wounded.
The kobold brigand hits you with a +2 short sword of distortion.
Space warps around you.
The kobold brigand hits you with a +2 short sword of distortion.
* * * LOW HITPOINT WARNING * * *
Space warps around you.
* * * LOW HITPOINT WARNING * * *
You hit the kobold brigand.
The kobold brigand is severely wounded.
The kobold brigand hits you but does no damage.
Space warps horribly around you!!
You die...

.........##.#...## #.## #
.......#.###.....# ##.# #
.......#..#......## ##K## #
.......#..........# #.K#
##...####.........# ##K##
.......#........(.## #K.#
...#...#...........###.##
##.#+###...........##..#
...#.....#......@K..#.##
...#.....#............#
.#####...#.........#.##
.._#.....#...........##
...#.....#............##
##.#.###...<...........##
...#...#............##..##
.......#.......#..######.###
##...####.#####..## ##..##
###


You could see a kobold brigand.

Vanquished Creatures
  The ghost of bmack86 the Chopper, a novice MiFi (D:5)
  Sigmund (D:2)
  Duvessa (D:5)
  A water moccasin (D:4)
  2 sky beasts (D:6)
  2 ogres
  7 kobold brigands (D:5)
  A necrophage (D:5)
  4 wights (D:5)
  Dowan (D:5)
  2 howler monkeys
  3 hounds
  An orc priest (D:4)
  Crazy Yiuf (D:2)
  3 jellies
  Terence (D:2)
  Jessica (D:2)
  2 iguanas
  Robin (D:2)
  4 gnolls (D:4)
  5 adders
  2 white imps (D:6)
  3 ufetubi
  A worm (D:3)
  A dart slug (D:2)
  18 orcs
  7 bats
  6 endoplasms
  A giant cockroach (D:3)
  10 goblins
  7 hobgoblins
  9 jackals
  5 quokkas
  6 ball pythons
  9 kobolds
  7 rats
137 creatures vanquished.

Vanquished Creatures (others)
  11 fungi (D:2)
  2 plants (D:2)
13 creatures vanquished.

Grand Total: 150 creatures vanquished

Notes
Turn   | Place    | Note
-------+----------+-------------------------------------------
     0 | D:1      | bande the Gargoyle Fighter began the quest for the Orb.
     0 | D:1      | Reached XP level 1. HP: 14/14 MP: 1/1
   308 | D:1      | Reached XP level 2. HP: 19/19 MP: 2/2
   449 | D:1      | Reached skill level 2 in Axes
   513 | D:2      | Noticed Sigmund
   525 | D:2      | Reached XP level 3. HP: 10/24 MP: 3/3
   527 | D:2      | Killed Sigmund
   528 | D:2      | Reached skill level 3 in Axes
   528 | D:2      | Reached XP level 4. HP: 13/29 MP: 4/4
   528 | D:2      | Reached XP level 5. HP: 15/33 MP: 5/5
   619 | D:2      | Noticed Robin
   643 | D:2      | Killed Robin
   856 | D:2      | Found a faded altar of an unknown god.
   919 | D:2      | Noticed Terence
   932 | D:2      | Killed Terence
   933 | D:2      | Reached XP level 6. HP: 32/38 MP: 6/6
  1065 | D:2      | Noticed Jessica
  1075 | D:2      | Killed Jessica
  1076 | D:2      | Reached skill level 4 in Axes
  1374 | D:2      | You fall into a shaft and drop 2 floors!
  1490 | D:3      | Found a hide-covered altar of Uskayaw.
  1899 | D:2      | Found a runed translucent door.
  1900 | D:2      | Noticed Crazy Yiuf
  1942 | D:2      | Killed Crazy Yiuf
  2346 | D:3      | Noticed a black bear
  3160 | D:4      | Reached XP level 7. HP: 11/44 MP: 7/7
  3163 | D:4      | Gained mutation: You are dopey. (Int -2) [potion of
                  | mutation]
  3163 | D:4      | Gained mutation: Your flesh is heat resistant. (rF+)
                  | [potion of mutation]
  3163 | D:4      | HP: 1/44 [orc/+0 dagger (3)]
  3170 | D:4      | HP: 3/66 [ball python (1)]
  3647 | D:4      | Lost mutation: You are dopey. (Int -2) [potion of mutation]
  3647 | D:4      | Lost mutation: Your flesh is heat resistant. (rF+) [potion
                  | of mutation]
  3647 | D:4      | Gained mutation: You have a pair of small horns on your
                  | head. [potion of mutation]
  3648 | D:4      | Lost mutation: You have a pair of small horns on your head.
                  | [potion of mutation]
  3648 | D:4      | Gained mutation: You are strong-willed. (Will+) [potion of
                  | mutation]
  3648 | D:4      | Gained mutation: You have very sharp teeth. [potion of
                  | mutation]
  3681 | D:4      | Reached skill level 5 in Axes
  4013 | D:5      | Entered Level 5 of the Dungeon
  4111 | D:5      | Reached skill level 5 in Armour
  4111 | D:5      | Reached skill level 5 in Shields
  4253 | D:5      | Reached skill level 5 in Fighting
  4253 | D:5      | Reached XP level 8. HP: 44/49 MP: 8/8
  4407 | D:5      | Found a shadowy altar of Dithmenos.
  4415 | D:5      | Reached skill level 6 in Axes
  4831 | D:5      | Noticed Duvessa
  4848 | D:5      | Killed Duvessa
  4949 | D:5      | Found a hazy altar of Hepliaklqana.
  5040 | D:5      | Noticed Dowan
  5054 | D:5      | Killed Dowan
  5367 | D:6      | Reached skill level 7 in Axes
  5603 | D:6      | Identified the +0 falchion "Lowu" {heavy, Str+4 Stlth+}
  5717 | D:6      | Found a radiant altar of Vehumet.
  5907 | D:6      | Found a sacrificial altar of Ru.
  6131 | D:6      | Reached XP level 9. HP: 47/54 MP: 9/9
  6157 | D:6      | Found a runed translucent gate.
  6157 | D:6      | Found a runed translucent gate.
  6157 | D:6      | Found a runed translucent gate.
  6159 | D:6      | Noticed bmack86's ghost (novice MiFi)
  6400 | D:5      | Killed bmack86's ghost
  6401 | D:5      | Reached skill level 1 in Evocations
  6690 | D:5      | Reached skill level 8 in Axes
  6936 | D:6      | Mangled by a kobold brigand

Illustrated notes

Levels and vault maps discovered:
D:1:      tarquinn_simple_flora_water_d, layout_basic
D:2:      layout_loops_ring, dreamdust_ecumenical_altar_grove,
          kennysheep_generic_room_9, uniq_terence, uniq_sigmund,
          uniq_crazy_yiuf_cottage, uniq_jessica, uniq_robin
D:3:      layout_loops_ring, mainiacjoe_overflow_catwalk,
          minmay_splitting_lines, hangedman_decor_clover_reticule,
          lightli_corner_chamber
D:4:      layout_loops_ring
D:5:      layout_gridville, mainiacjoe_overflow_24_doors,
          mainiacjoe_overflow_boulevard, uniq_duvessa
D:6:      layout_cave_pods, vehumet_crystals, hangedman_ru_absence,
          gammafunk_ghost_nasty_kobolds

Skill      XL: |  1  2  3  4  5  6  7  8  9 |
---------------+----------------------------+-----
Axes           | 2 3 4 5 7 8 |  8.4
Fighting       | 4 5 6 |  6.0
Armour         | 4 5 6 |  6.8
Shields        | 4 5 6 |  6.0
Evocations     | 2 |  2.0

Action                     |  1- 3 |  4- 6 |  7- 9 || total
---------------------------+-------+-------+-------++-------
  Melee: War axe           |    63 |   203 |   269 ||   535
         Bite              |       |       |    32 ||    32
    Use: Potion            |     1 |       |     9 ||    10
         Scroll            |       |     7 |     2 ||     9
 Armour: Scale mail        |    45 |    82 |       ||   127
         Plate armour      |       |    39 |   189 ||   228
  Dodge: Dodged            |    53 |    85 |   142 ||   280
  Block: Buckler           |    28 |    61 |    84 ||   173

Table legend: (Time is in decaauts)
 A = Elapsed time spent in this place.
 B = Non-inter-level travel time spent in this place.
 C = Inter-level travel time spent in this place.
 D = Time resting spent in this place.
 E = Time spent auto-exploring this place.
 F = Levels seen in this place.
 G = Mean time per level.
                   A        B        C        D        E       F      G
               +--------+--------+--------+--------+--------+-----+--------+
         Total |   7106 |   6874 |    232 |   1523 |   3946 |   6 | 1184.3 |
       Dungeon |   7106 |   6874 |    232 |   1523 |   3946 |   6 | 1184.3 |
               +--------+--------+--------+--------+--------+-----+--------+

Top non-repeatable levels by time:
     D:5: 1787 daAuts
     D:2: 1451 daAuts
     D:4: 1311 daAuts
     D:6: 1186 daAuts
     D:3: 833 daAuts
     D:1: 535 daAuts
